 Dungeon Crawl Stone Soup version 0.17-a0-627-g5cb7d3e (webtiles) character file.

788 frag the Ducker (level 7, 0/70 HPs)
             Began as a Troll Berserker on Apr 16, 2015.
             Was an Elder of Trog.
             Slain by a slave (5 damage)
             ... led by Pikel
             ... on level 4 of the Dungeon.
             The game lasted 00:16:50 (3598 turns).

frag the Ducker (Troll Berserker)                   Turns: 3598, Time: 00:16:50

Health: 0/70       AC:  7    Str: 27    XL:     7   Next: 56%
Magic:  6/6        EV: 14    Int:  4    God:    Trog [****..]
Gold:   145        SH:  0    Dex:  9    Spells: 0 memorised, 6 levels left

rFire  . . .     SeeInvis .       - Unarmed
rCold  . . .     Clarity  .     b - +2 animal skin
rNeg   . . .     SustAb   .     (no shield)
rPois  .         Gourm    +     (helmet restricted)
rElec  .         Spirit   .     (no cloak)
rCorr  .         Warding  .     (gloves unavailable)
rMut   .         Stasis   .     (boots unavailable)
MR     .....                    (no amulet)
Stlth  +.........               (no ring)
                                f - +3 ring of evasion

@: hasted, glowing, very quick, not resistant to hostile enchantments, very
unstealthy
A: unfitting armour, claws 3, fast metabolism 3, gourmand, regeneration 2,
shaggy fur 1, tough skin 2
a: Burn Spellbooks, Berserk, Trog's Hand, Brothers in Arms, Renounce Religion


You were on level 4 of the Dungeon.
You worshipped Trog.
Trog was greatly pleased with you.
You were very full.

You visited 1 branch of the dungeon, and saw 6 of its levels.

You collected 145 gold pieces.

Inventory:

Hand weapons
 e - a +3 mace
 j - a +2 hunting sling of flaming
 l - a +0 dagger of chaos
 n - a +2 dagger of chaos
 r - a +1 spear of chaos
 v - a +0 war axe of freezing
 x - a +2 mace of crushing
Armour
 b - a +2 animal skin (worn)
Jewellery
 f - a +3 ring of evasion (left claw)
 t - an uncursed ring of wizardry
 w - an uncursed ring of stealth {unknown}
Magical devices
 h - a wand of random effects (26)
Scrolls
 c - 5 scrolls of remove curse
 i - 3 scrolls of identify
 q - a scroll of recharging
 y - a scroll of amnesia {unknown}
Potions
 d - a potion of haste
 g - a potion of might
 m - 2 potions of restore abilities
 o - a potion of cure mutation
 u - a potion of lignification {unknown}
Comestibles
 a - 4 bread rations
 k - 2 meat rations
 p - a beef jerky
 s - a slice of pizza
 z - 4 chunks of flesh


   Skills:
 + Level 4.2 Fighting
 + Level 5.6 Dodging
 + Level 0.5 Stealth
 + Level 4.9 Unarmed Combat


You had 6 spell levels left.
You didn't know any spells.

Dungeon Overview and Level Annotations

Branches:
Dungeon (6/15)
 Temple: D:4-7

Altars:
Nemelex Xobeh
Qazlal
Xom

Annotations:
D:4 Dowan, Duvessa, Pikel


Innate Abilities, Weirdness & Mutations

You are too large for most types of armour.
You have claws for hands.
Your metabolism is lightning-fast.
You like to eat raw meat.
You heal very quickly.
You are covered in fur (AC +1).
You have very tough skin (AC +2).


Message History

The slave is severely wounded.
The slave is no longer bleeding.
Duvessa hits you with a short sword. The slave hits you but does no damage.
The slave hits you. Dowan hits you with a dagger.
You claw the slave!
You kill the slave!
That felt strangely unrewarding.
Duvessa hits you with a short sword. The slave hits you. Dowan misses you.
Duvessa hits you with a short sword. The slave hits you.
* * * LOW HITPOINT WARNING * * *
Duvessa hits you with a short sword!
* * * LOW HITPOINT WARNING * * *
Items here: [[[ †† an animal skin x3 a human corpse x2
Drink which item? (? for menu, Esc to quit)
You feel yourself speed up. Duvessa hits you with a short sword.
* * * LOW HITPOINT WARNING * * *
The slave hits you.
You die...

#..$## ##...##
##.....# ##....#...#
##.....###.# . #..
#..# ...
#.####..##..#######
#.......pe.........
#.......e@......###
#...#...##.#.##...
######...#..###...#
##
##.....#.........###
##.............####
#......<.)......#
#...............#
#...............#
#..............$#


You could see Duvessa, a slave and Dowan.

Vanquished Creatures
  Sigmund (D:4)
  An orc warrior (D:6)
  A black bear (D:6)
  3 slaves (D:4)
  A giant frog (D:6)
  A crimson imp (D:6)
  2 hounds
  A hound skeleton (D:6)
  A hound zombie (D:6)
  Robin (D:3)
  7 gnolls
  5 adders
  An ooze (D:2)
  A worm (D:2)
  A giant gecko (D:1)
  4 orcs
  A ball python (D:4)
  8 bats
  A bat zombie (D:3)
  10 giant cockroaches
  21 goblins
  16 hobgoblins
  4 jackals
  4 giant newts
  8 kobolds
  12 rats
117 creatures vanquished.

Notes
Turn   | Place    | Note
--------------------------------------------------------------
     0 | D:1      | frag, the Troll Berserker, began the quest for the Orb.
     0 | D:1      | Reached XP level 1. HP: 22/22 MP: 0/0
    84 | D:1      | Reached XP level 2. HP: 29/29 MP: 1/1
   429 | D:1      | Acquired Trog's second power
   435 | D:1      | Reached XP level 3. HP: 34/37 MP: 2/2
  1020 | D:2      | Reached XP level 4. HP: 41/45 MP: 3/3
  1036 | D:2      | Found a sparkling altar of Nemelex Xobeh.
  1160 | D:2      | Found a stormy altar of Qazlal.
  1770 | D:2      | Found a shimmering altar of Xom.
  2393 | D:3      | Reached XP level 5. HP: 40/53 MP: 4/4
  2406 | D:3      | Noticed Robin
  2427 | D:3      | HP: 1/53 [hobgoblin/club[Robin] (2)]
  2525 | D:3      | Killed Robin
  3038 | D:4      | Noticed Sigmund
  3058 | D:4      | Killed Sigmund
  3058 | D:4      | Acquired Trog's third power
  3058 | D:4      | Reached skill level 4 in Dodging
  3058 | D:4      | Reached XP level 6. HP: 25/62 MP: 5/5
  3090 | D:4      | You fall through a shaft for 2 floors!
  3177 | D:6      | Reached skill level 5 in Dodging
  3177 | D:6      | Reached XP level 7. HP: 63/70 MP: 6/6
  3509 | D:5      | Entered Level 5 of the Dungeon
  3551 | D:4      | Noticed Dowan
  3552 | D:4      | Noticed Duvessa
  3562 | D:4      | Noticed a slave
  3563 | D:4      | Noticed Pikel
  3563 | D:4      | Noticed a slave
  3564 | D:4      | Noticed a slave
  3566 | D:4      | Noticed a slave
  3587 | D:4      | Killed a slave
  3592 | D:4      | Killed a slave
  3596 | D:4      | Killed a slave
  3598 | D:4      | Slain by a slave

Action                   |  1- 3 |  4- 6 |  7- 9 || total
-------------------------+-------+-------+-------++-------
Melee: Unarmed           |    93 |   174 |    77 ||   344
  Use: Scroll            |     2 |     7 |       ||     9
       Potion            |       |     6 |     1 ||     7
  Eat: Chunk             |    11 |    23 |     3 ||    37
